 Dungeon Crawl Stone Soup version 0.20.1-1-g8b1a95d (webtiles) character file.

41554 fili the Warrior (level 13, -7/130 HPs)
             Began as a Minotaur Berserker on Aug 25, 2017.
             Was an Elder of Trog.
             Mangled by Snorg (15 damage)
             ... on level 6 of the Lair of Beasts on Aug 27, 2017.
             The game lasted 01:32:27 (20556 turns).

fili the Warrior (Minotaur Berserker)              Turns: 20556, Time: 01:32:28

Health: -7/130     AC: 15    Str: 33    XL:     13   Next: 80%
Magic:  12/12      EV: 12    Int:  4    God:    Trog [****..]
Gold:   1067       SH:  0    Dex:  8    Spells: 12/12 levels left

rFire    + + +     SeeInvis .   o - +0 whip (elec)
rCold    + + .     Gourm    +   (no shield)
rNeg     . . .     Faith    .   P - +0 plate armour {rF+}
rPois    +         Spirit   .   w - +0 hat
rElec    +         Reflect  .   O - scarf {rC+ rF+}
rCorr    +         Harm     .   (no gloves)
MR       .....                  B - +0 pair of boots
Stlth    ..........             Q - amulet of the gourmand
Regen    0.4/turn               t - ring of protection from fire
MPRegen  0.2/turn               K - ring "Rizoac" {rF+ Str+7 Dex-3}

@: resistant, berserk cooldown, slowed, very slow
A: retaliatory headbutt, horns 2
a: Berserk, Trog's Hand, Brothers in Arms, Burn Spellbooks, Renounce Religion


You were on level 6 of the Lair of Beasts.
You worshipped Trog.
Trog was greatly pleased with you.
You were very full.

You visited 2 branches of the dungeon, and saw 18 of its levels.

You collected 1067 gold pieces.

Inventory:

Hand Weapons
 m - a +0 whip of flaming
 o - a +0 whip of electrocution (weapon)
Missiles
 y - 5 javelins of returning
 C - 4 javelins of penetration
 I - 2 poisoned javelins (quivered)
Armour
 w - a +0 hat (worn)
 B - a +0 pair of boots (worn)
 O - a scarf of resistance (worn)
 P - a +0 plate armour of fire resistance (worn)
Jewellery
 t - a ring of protection from fire (left hand)
 K - the ring "Rizoac" (right hand) {rF+ Str+7 Dex-3}
   (You found it on level 8 of the Dungeon)

   [ring of protection from fire]

   It affects your strength (+7).
   It affects your dexterity (-3).
   It protects you from fire.
 Q - an amulet of the gourmand (around neck)
Wands
 k - a wand of lightning (11/15)
 u - a wand of random effects (21/48)
 D - a wand of paralysis (16/24)
 N - a wand of enslavement (1/24)
 R - a wand of iceblast (6/15)
 S - a wand of polymorph (13/24)
 V - a wand of flame (28/48)
 Z - a wand of acid (15/15)
Scrolls
 e - 2 scrolls of identify
 l - a scroll of fear {unknown}
 n - 3 scrolls of teleportation
 v - 4 scrolls of remove curse
 z - 4 scrolls of magic mapping
 A - a scroll of vulnerability {unknown}
 W - a scroll of immolation {unknown}
 Y - a scroll of blinking {unknown}
Potions
 d - 4 potions of heal wounds
 g - a potion of haste
 j - 2 potions of curing
 p - 3 potions of brilliance {unknown}
 r - a potion of agility
 s - 2 potions of flight {unknown}
 x - a potion of ambrosia {unknown}
 G - a potion of magic {unknown}
 L - 3 potions of cancellation {unknown}
Books
 J - a book of Changes

   Spells                             Type                      Level
   a - Beastly Appendage              Transmutation                1
   b - Sticks to Snakes               Transmutation                2
   c - Spider Form                    Transmutation/Poison         3
   d - Ice Form                       Ice/Transmutation            4
   e - Blade Hands                    Transmutation                5
   Trog disapproves of the use of such an item.
 X - a book of Unlife

   Spells                             Type                      Level
   a - Recall                         Summoning/Translocation      3
   b - Animate Dead                   Necromancy                   4
   c - Control Undead                 Necromancy                   4
   d - Cigotuvi's Embrace             Necromancy                   5
   e - Death Channel                  Necromancy                   6
   f - Simulacrum                     Ice/Necromancy               6
   Trog disapproves of the use of such an item.
Miscellaneous
 q - a fan of gales
Comestibles
 a - 14 chunks of flesh
 c - 6 bread rations
 f - 6 meat rations
 i - 24 royal jellies
 F - 28 fruits


   Skills:
 * Level 16.7 Fighting
 - Level 16.0 Maces & Flails
 - Level 8.3 Throwing
 + Level 8.5 Armour
 + Level 9.5 Dodging


You had 12 spell levels left.
You didn't know any spells.

Dungeon Overview and Level Annotations

Branches:
Dungeon (12/15)            Temple (0/1) D:4            Lair (6/6) D:10
  Swamp (0/4) Lair:2        Snake (0/4) Lair:3          Orc (0/2) D:10
  Slime: Lair:5-6

Altars:
Ashenzari

Shops:
D:6 [   D:8 !   D:10 (

Annotations:
Lair:5 exclusion: oklob plant
Lair:6 Snorg; simples's ghost, journeyman SpEn


Innate Abilities, Weirdness & Mutations

You reflexively headbutt those who attack you in melee.
You have a pair of horns on your head.


Message History

Snorg misses you. Snorg claws you! Snorg barely misses you. Snorg bites you.
Snorg claws you. Snorg barely misses you.
Simples's ghost hits you but does no damage.
Snorg completely misses you. Snorg claws you!
* * * LOW HITPOINT WARNING * * *
Snorg closely misses you.
Snorg rages.
Simples's ghost hits you but does no damage.
Snorg bites you.
* * * LOW HITPOINT WARNING * * *
Snorg claws you but does no damage. Snorg closely misses you. Snorg bites you.
* * * LOW HITPOINT WARNING * * *
Snorg claws you!
* * * LOW HITPOINT WARNING * * *
Snorg claws you!
* * * LOW HITPOINT WARNING * * *
You feel less confused. Snorg barely misses you. Snorg closely misses you.
Snorg claws you!
You die...

#..... ..............P
...P #....##
#..............# ..#P..
#.....###..............##
.. ...
#.#.....................#
...
....................<.((.
#..........##.# .........
##.........#.# #....#
#...........#####..#
............<.#P@.##
#..............TP##
#..............W##
...........(....#
................#
................#
...............##
................#
................#


You could see Snorg (berserk) and simples's ghost.

Vanquished Creatures
  Gastronok (Lair:3)
  5 hydras
  5 two-headed ogres
  An unseen horror (D:10)
  Pikel (D:4)
  A cyclops (D:11)
  2 black mambas
  10 spiny frogs
  3 rime drakes
  4 komodo dragons
  3 meliai (Lair:5)
  3 trolls (D:9)
  A queen bee (Lair:5)
  A polar bear (Lair:5)
  2 slime creatures
  14 blink frogs
  A hornet (D:10)
  4 hippogriffs
  A wyvern (D:9)
  48 yaks
  A wraith (D:12)
  A steam dragon (D:10)
  A basilisk (Lair:2)
  3 hogs (D:11)
  A human (D:11)
  4 nagas (Lair:3)
  11 water moccasins
  16 porcupines
  A black bear (D:11)
  5 orc warriors
  A slave (D:4)
  6 sky beasts
  A phantom (D:8)
  3 ice beasts
  4 ogres
  8 wolves
  3 centaurs
  18 crocodiles
  3 big kobolds
  14 bullfrogs
  Blork the orc (D:4)
  4 scorpions
  21 killer bees (Lair:5)
  A vampire bat (Lair:2)
  An electric eel (D:10)
  A centaur zombie (D:5)
  3 crimson imps
  5 hounds
  A quasit (D:8)
  14 jellies
  8 orc priests
  4 centaur skeletons
  A gnoll shaman (D:8)
  8 orc wizards
  Natasha (thrice) (D:4)
  11 worker ants
  3 iguanas
  A hound skeleton (D:5)
  A hound zombie (D:10)
  A howler monkey zombie (D:9)
  A worker ant zombie (D:6)
  7 gnolls
  6 adders
  A shadow imp (D:5)
  16 oozes
  2 adder zombies
  3 worms
  A dart slug (D:3)
  7 leopard geckos
  41 orcs
  14 bats
  6 giant cockroaches
  2 hobgoblins
  6 jackals
  7 quokkas
  4 frilled lizards
  12 goblins
  19 kobolds
  A quokka skeleton (D:7)
  A quokka zombie (D:7)
  2 rats
  A plant (Lair:5)
469 creatures vanquished.

Vanquished Creatures (collateral kills)
  3 hydras
  A hippogriff (Lair:3)
  A water moccasin (Lair:1)
  An orc warrior (D:10)
  A scorpion (D:10)
  3 orc wizards (D:10)
  An orc (D:10)
11 creatures vanquished.

Vanquished Creatures (others)
  An adder (D:4)
  9 fungi
  3 plants (Lair:5)
13 creatures vanquished.

Grand Total: 493 creatures vanquished

Notes
Turn   | Place    | Note
-------+----------+-------------------------------------------
     0 | D:1      | fili the Minotaur Berserker began the quest for the Orb.
     0 | D:1      | Reached XP level 1. HP: 19/19 MP: 0/0
   367 | D:1      | Reached XP level 2. HP: 27/27 MP: 1/1
  1315 | D:2      | Reached XP level 3. HP: 34/34 MP: 2/2
  1872 | D:3      | Reached ** piety under Trog
  1956 | D:3      | Reached skill level 5 in Fighting
  1956 | D:3      | Reached skill level 5 in Maces & Flails
  1956 | D:3      | Reached XP level 4. HP: 42/42 MP: 3/3
  2271 | D:4      | Noticed Natasha
  2274 | D:4      | Killed Natasha
  2274 | D:4      | Reached XP level 5. HP: 48/48 MP: 4/4
  2334 | D:4      | Found a staircase to the Ecumenical Temple.
  2355 | D:4      | Noticed Pikel
  2355 | D:4      | Noticed a slave
  2356 | D:4      | Noticed a slave
  2358 | D:4      | Noticed a slave
  2358 | D:4      | Noticed a slave
  2364 | D:4      | Killed a slave
  2366 | D:4      | Killed Pikel
  2366 | D:4      | Reached XP level 6. HP: 27/61 MP: 5/5
  2366 | D:4      | Reached XP level 7. HP: 30/67 MP: 6/6
  2731 | D:4      | Noticed Blork the orc
  2736 | D:4      | Killed Blork the orc
  2814 | D:4      | Noticed Natasha
  2816 | D:4      | Killed Natasha
  2919 | D:4      | Noticed Natasha
  2928 | D:4      | Killed Natasha
  3061 | D:5      | Entered Level 5 of the Dungeon
  3115 | D:5      | Reached *** piety under Trog
  3118 | D:5      | Reached XP level 8. HP: 77/77 MP: 7/7
  4139 | D:6      | Reached skill level 10 in Maces & Flails
  4273 | D:6      | Found Qaeteh's Armour Emporium.
  4312 | D:6      | Reached skill level 10 in Fighting
  4703 | D:6      | Reached XP level 9. HP: 73/86 MP: 8/8
  5209 | D:7      | Reached **** piety under Trog
  5934 | D:8      | Got a fine bone ring
  6125 | D:8      | Found Rafo Lig's Distillery.
  6343 | D:9      | Noticed a two-headed ogre
  6351 | D:9      | Killed a two-headed ogre
  6351 | D:9      | Reached XP level 10. HP: 74/97 MP: 9/9
  6373 | D:9      | Identified the ring "Rizoac" {rF+ Str+7 Dex-3} (You found it on level 8 of the Dungeon)
  6675 | D:9      | Reached skill level 5 in Dodging
  6986 | D:9      | Reached ***** piety under Trog
  7537 | D:10     | Entered Level 10 of the Dungeon
  7763 | D:10     | Reached skill level 1 in Throwing
  7891 | D:10     | Found a staircase to the Lair.
  7947 | D:10     | Noticed a two-headed ogre
  7951 | D:10     | Killed a two-headed ogre
  7988 | D:10     | Reached XP level 11. HP: 75/105 MP: 10/10
  8035 | D:10     | Killed an unseen horror
  8380 | D:10     | Found a staircase to the Orcish Mines.
  8418 | D:10     | Found Duocs's Weapon Boutique.
  9301 | D:10     | Noticed a two-headed ogre
  9309 | D:10     | Killed a two-headed ogre
  9309 | D:10     | Received a gift from Trog
  9517 | D:11     | Noticed a two-headed ogre
  9523 | D:11     | Killed a two-headed ogre
  9654 | D:11     | Reached skill level 15 in Maces & Flails
  9740 | D:11     | Found a shattered altar of Ashenzari.
 10010 | D:11     | Noticed a two-headed ogre
 10026 | D:11     | Killed a two-headed ogre
 10173 | D:11     | Noticed a seven-headed hydra
 10181 | D:11     | Killed an eight-headed hydra
 10224 | D:12     | Reached skill level 5 in Throwing
 10282 | D:12     | Noticed a deep elf mage
 10383 | Lair:1   | Entered Level 1 of the Lair of Beasts
 10470 | Lair:1   | Identified a scroll of acquirement
 10562 | Lair:1   | Noticed an eight-headed hydra
 10567 | Lair:1   | Killed an eight-headed hydra
 10567 | Lair:1   | Received a gift from Trog
 10777 | Lair:1   | Reached XP level 12. HP: 44/116 MP: 11/11
 11736 | Lair:2   | Noticed an eight-headed hydra
 11750 | Lair:2   | Killed an eight-headed hydra
 13548 | Lair:2   | Found a staircase to the Swamp.
 13752 | Lair:2   | HP: 4/177 [blink frog (5)]
 14298 | Lair:3   | Noticed a six-headed hydra
 14306 | Lair:3   | Noticed Gastronok
 14309 | Lair:3   | Killed a six-headed hydra
 14560 | Lair:2   | Reached skill level 15 in Fighting
 14592 | Lair:3   | Reached skill level 5 in Armour
 14656 | Lair:3   | Noticed a seven-headed hydra
 14684 | Lair:3   | Killed a seven-headed hydra
 14706 | Lair:3   | Noticed a six-headed hydra
 14712 | Lair:3   | Killed a six-headed hydra
 14867 | Lair:3   | Found a staircase to the Snake Pit.
 15363 | Lair:3   | Reached XP level 13. HP: 118/127 MP: 12/12
 15405 | Lair:3   | Killed Gastronok
 15544 | Lair:3   | Received a gift from Trog
 16586 | Lair:4   | You fall through a shaft for 2 floors!
 16586 | Lair:6   | Entered Level 6 of the Lair of Beasts
 16915 | Lair:6   | Noticed Snorg
 17326 | Lair:5   | Received a gift from Trog
 18847 | Lair:5   | Received a gift from Trog
 20501 | Lair:6   | Noticed simples's ghost (journeyman SpEn)
 20556 | Lair:6   | Mangled by Snorg

Skill      XL: |  1  2  3  4  5  6  7  8  9 10 11 12 13 |
---------------+----------------------------------------+-----
Maces & Flails | 4 5 7 8 10 12 14 15 16 | 16.0
Fighting       | 4 5 7 8 10 11 12 13 15 16 | 16.7
Dodging        | 4 6 7 9 |  9.5
Throwing       | 2 5 7 8 |  8.3
Armour         | 6 8 |  8.5

Action                   |  1- 3 |  4- 6 |  7- 9 | 10-12 | 13-15 || total
-------------------------+-------+-------+-------+-------+-------++-------
Melee: Mace              |    50 |       |       |       |       ||    50
       Headbutt          |     5 |     4 |    71 |   163 |    85 ||   328
       Whip              |    10 |    34 |   343 |   722 |   398 ||  1507
Throw: Tomahawk          |       |       |     3 |    50 |       ||    53
       Javelin           |       |       |       |    31 |    56 ||    87
Invok: Trog's Hand       |     1 |     2 |     2 |    11 |     5 ||    21
       Berserk           |       |     1 |     1 |     4 |     2 ||     8
       Brothers in Arms  |       |       |       |     6 |     1 ||     7
       Burn Spellbooks   |       |       |       |     2 |       ||     2
Evoke: Wand              |       |       |     3 |     5 |       ||     8
       Fan of gales      |       |       |       |     1 |       ||     1
  Use: Scroll            |     5 |       |     3 |    11 |     1 ||    20
       Potion            |       |       |       |     4 |     2 ||     6
 Stab: Sleeping          |     1 |       |       |       |       ||     1
       Confused          |       |       |     1 |       |       ||     1
  Eat: Chunk             |     3 |     2 |    15 |    59 |    18 ||    97
       Fruit             |       |       |       |     2 |       ||     2
Armor: Animal skin       |     4 |       |       |       |       ||     4
       Ring mail         |     6 |       |       |       |       ||     6
       Chain mail        |    17 |    20 |    60 |       |       ||    97
       Plate armour      |       |       |    55 |   237 |   188 ||   480
Dodge: Dodged            |    34 |    16 |    89 |   224 |   183 ||   546
